 Dungeon Crawl Stone Soup version 0.17-a0-2220-g6fea741 (webtiles) character file.

9 glosham the Insei (level 2, 0/24 HPs)
             Began as a Merfolk Monk on Oct 28, 2015.
             Hit by a goblin thrown by Robin (2 damage)
             ... on level 3 of the Dungeon.
             The game lasted 00:03:07 (208 turns).

glosham the Insei (Merfolk Monk)                     Turns: 208, Time: 00:03:07

Health: 0/24       AC:  2    Str: 11    XL:     2   Next: 16%
Magic:  2/2        EV: 14    Int:  9    God:
Gold:   19         SH:  0    Dex: 16    Spells: 0 memorised, 1 level left

rFire  . . .     SeeInvis .       - Unarmed
rCold  . . .     Clarity  .     a - +0 robe
rNeg   . . .     SustAt   .     (no shield)
rPois  .         Gourm    .     (no helmet)
rElec  .         Spirit   .     (no cloak)
rCorr  .         Warding  .     (no gloves)
rMut   .         Stasis   .     (no boots)
MR     .....                    (no amulet)
Stlth  ++........               (no ring)
                                (no ring)

@: slowed, very slow, not resistant to hostile enchantments, unstealthy
A: change form in water, swift swim
a: no special abilities


You were on level 3 of the Dungeon.
You were not hungry.

You visited 1 branch of the dungeon, and saw 3 of its levels.

You collected 19 gold pieces.

Inventory:

Armour
 a - a +0 robe (worn)
Scrolls
 c - a scroll of magic mapping {unknown}
Comestibles
 b - a bread ration


   Skills:
 - Level 3.2 Fighting
 - Level 4.0 Dodging
 - Level 2.1 Stealth
 * Level 4.9 Unarmed Combat


You had one spell level left.
You didn't know any spells.

Dungeon Overview and Level Annotations

Branches:
Dungeon (3/15)

Altars:

Annotations:
D:3 Robin


Message History

Robin is moderately wounded.
The goblin closely misses you.
A goblin comes into view.
You barely miss Robin.
Robin is moderately wounded.
Robin hits you with a mace. The hobgoblin closely misses you.
The goblin hits you with a club.
You hit Robin but do no damage.
Robin is moderately wounded.
Robin closely misses you. The hobgoblin hits you with a club.
The goblin hits you with a club.
A goblin comes into view.
You aren't carrying any potions.
Unknown command.
You hit Robin.
Robin is heavily wounded.
Robin hits you with a mace. The hobgoblin barely misses you.
You hit Robin.
Robin is severely wounded.
The goblin barely misses you.
You hit Robin but do no damage.
Robin is severely wounded.
The hobgoblin hits you with a club.
Robin zaps a wand.
You feel yourself slow down. The goblin closely misses you.
Unknown command.
You hit Robin.
Robin is severely wounded.
Robin says, "Feeling lonely?"
Robin barely misses you. The hobgoblin hits you with a club.
The goblin hits you with a club.
* * * LOW HITPOINT WARNING * * *
A hobgoblin comes into view.
The hobgoblin shouts!
You hit Robin.
Robin is almost dead.
Robin throws the goblin at you!
* * * LOW HITPOINT WARNING * * *
The hobgoblin closely misses you. The goblin misses you.
Robin throws the goblin at you!
You die...

#..##.########.#
#..##.# #.#
#..##.# #.###
#..##.# #...#
#.g##.# ###.#
#..##)# #.#
#g.##.# #.#
#.g##g# #.#


#ggg@g# #.# ##..g## #.# ###.# #.# #.# #.# #.# #.# #.# #.# #.# ####.#### ..#
#.......# ## #.#####.# You could see Robin, 2 hobgoblins and 5 goblins.

Vanquished Creatures
  A ball python (D:1)
  A bat (D:1)
  A giant cockroach (D:1)
  2 goblins (D:3)
  2 kobolds (D:1)
  A rat (D:3)
8 creatures vanquished.

Notes
Turn   | Place    | Note
--------------------------------------------------------------
     0 | D:1      | glosham the Merfolk Monk began the quest for the Orb.
     0 | D:1      | Reached XP level 1. HP: 18/18 MP: 1/1
   140 | D:3      | Reached XP level 2. HP: 24/24 MP: 2/2
   198 | D:3      | Noticed Robin
   208 | D:3      | HP: 2/24 [Robin/goblin (1)]
   208 | D:3      | Hit by a goblin thrown by Robin

Vault maps used:
D:1:      onia_arrival_pentagram
D:2:      minitemple, uniq_crazy_yiuf_cottage, uniq_terence, uniq_iyjb
D:3:      uniq_robin

Action                   || total
-------------------------++-------
Melee: Unarmed           ||    36

Table legend:
 A = Turns spent in this place as a percentage of turns spent in the entire game.
 B = Non-inter-level travel turns spent in this place as a percentage of non-inter-level travel turns spent in the entire game.
 C = Inter-level travel turns spent in this place as a percentage of turns spent in this place.
 D = Turns resting spent in this place as a percentage of non-inter-level travel turns spent in this place.
 E = Turns spent auto-exploring this place as a percentage of non-inter-level travel turns spent in this place.
 F = Non-inter-level travel turns spent in this place divided by the number of levels of this place that you've seen.
                   A       B       C       D       E      F
               +-------+-------+-------+-------+-------+----------------------
         Total | 100.0 | 100.0 |   0.0 |   2.2 |   0.0 |  62.0
       Dungeon | 100.0 | 100.0 |   0.0 |   2.2 |   0.0 |  62.0
               +-------+-------+-------+-------+-------+----------------------

Table legend:
 A = Kills in this place as a percentage of kills in entire the game.
 B = Kills by you in this place as a percentage of kills by you in the entire game.
 C = Kills by friends in this place as a percentage of kills by friends in the entire game.
 D = Other kills in this place as a percentage of other kills in the entire game.
 E = Experience gained in this place as a percentage of experience gained in the entire game.
 F = Experience gained in this place divided by the number of levels of this place that you have seen.
                   A       B       C       D       E      F
               +-------+-------+-------+-------+-------+----------------------
         Total | 100.0 | 100.0 |  -nan |  -nan | 100.0 |   4.7
       Dungeon | 100.0 | 100.0 |  -nan |  -nan | 100.0 |   4.7
               +-------+-------+-------+-------+-------+----------------------

Vault maps used:
D:1:      onia_arrival_pentagram
D:2:      minitemple, uniq_crazy_yiuf_cottage, uniq_terence, uniq_iyjb
D:3:      uniq_robin
